 Dungeon Crawl Stone Soup version 0.30.0-29-ga12c61a403 (webtiles) character file.

Game seed: 18237785937663415682

78 RascalDebosk the Magician (level 4, 0/31 HPs)
             Began as a Djinni Fire Elementalist on June 4, 2023.
             Slain by a scorpion (2 damage)
             ... on level 3 of the Dungeon.
             The game lasted 00:10:28 (1613 turns).

RascalDebosk the Magician (DjFE)                    Turns: 1613, Time: 00:10:28

Health: 0/31       AC:  6    Str: 10    XL:     4   Next: 61%
Gold:   121        EV: 12    Int: 18    God:
                   SH:  0    Dex: 14

rFire   + + .        f - +0 short sword
rCold   x . .        (no shield)
rNeg    . . .        a - +0 robe
rPois   ∞            k - +1 helmet of Gas Weomp {Str+3}
rElec   .            h - +0 cloak
rCorr   .            b - +0 pair of gloves
SInv    .            (boots unavailable)
Will    .....        (no amulet)
Stlth   ++           (no ring)
HPRegen 0.25/turn    (no ring)
MPRegen 0.00/turn

%: infuse magic (-1 HP)
@: flying, very slightly contaminated
A: sickness immunity, fire resistance 2, cold vulnerability 1, float, innate
caster, HP casting, extra vitality 1
a: no special abilities


You were on level 3 of the Dungeon.
You visited 1 branch of the dungeon, and saw 3 of its levels.

You collected 121 gold pieces.

Inventory:

Hand Weapons
 f - a +0 short sword (weapon)
Armour
 a - a +0 robe (worn)
 b - a +0 pair of gloves (worn)
 h - a +0 cloak (worn)
 k - the +1 helmet of Gas Weomp (worn) {Str+3}
   (You took it off Robin on level 2 of the Dungeon)

   Str:       It affects your strength (+3).
Jewellery
 l - a +4 ring of slaying
Scrolls
 c - a scroll of enchant armour {unknown}
 e - a scroll of vulnerability {unknown}
 i - a scroll of identify
Potions
 d - a potion of lignification
 g - a potion of curing
 j - a potion of brilliance


   Skills:
 - Level 2.1 Dodging
 - Level 1.5 Stealth
 * Level 3.9 Spellcasting


You knew the following spells:

 Your Spells              Type           Power      Damage    Failure   Level
a - Foxfire               Conj/Fire      68%        2x1d7     3%          1
b - Scorch                Fire           34%        2d6       4%          2
c - Volatile Blastmotes   Fire/Tloc      34%        2d12      9%          3
d - Inner Flame           Hex/Fire       17%        N/A       9%          3
e - Flame Wave            Conj/Fire      17%        2d7       28%         4
f - Kiss of Death         Conj/Necr      68%        2d10      3%          1
Your spell library was empty.

Dungeon Overview and Level Annotations

Branches:
Dungeon (3/15)

Altars:


Innate Abilities, Weirdness & Mutations

You are immune to sickness and miasma.
You are immune to poison.
Your flesh is very heat resistant. (rF++)
You are vulnerable to cold. (rC-)
You float through the air rather than walking.
You learn spells naturally, not from books.
Your magical power is your life essence.
You have superior vitality. (+4 MHP)


Message History

Found a pair of gloves.
Found a stone staircase leading down.
The white imp shouts, "Scamper home, thou bawdy flap-mouthed gnoll-tail!"
A frilled lizard comes into view.
Casting: Inner Flame (quite dangerous; 9% risk of failure)
Confirm with . or Enter, or press ? or * to list all spells.
The spell is quite dangerous to miscast (9% risk of failure)!
Continue anyway?
Aiming: Inner Flame (quite dangerous; 9% risk of failure)
Press: ? - help, Dir - move target, f - white imp
Aim: a white imp (chance to affect: 78%)
The white imp barely resists.
The frilled lizard hisses angrily.
The white imp gestures at you. The puff of frost hits you!
You feel a terrible chill!
Casting: Inner Flame (quite dangerous; 9% risk of failure)
Confirm with . or Enter, or press ? or * to list all spells.
You conjure some foxfire!
A rat comes into view.
The white imp gestures at you. The puff of frost hits you.
You feel a terrible chill!
* * * LOW HITPOINT WARNING * * *
Casting: Foxfire (safe; 3% risk of failure)
Confirm with . or Enter, or press ? or * to list all spells.
You conjure some foxfire!
* * * LOW HITPOINT WARNING * * *
The foxfire hits the white imp.
The white imp is burned terribly!
The white imp is moderately wounded.
The foxfire hits the white imp!
The white imp is burned terribly!
You kill the white imp!
Casting: Foxfire (safe; 3% risk of failure)
Confirm with . or Enter, or press ? or * to list all spells.
The spell is quite dangerous to miscast (9% risk of failure)!
Continue anyway?
Aiming: Inner Flame (quite dangerous; 9% risk of failure)
Press: ? - help, Dir - move target, f - frilled lizard
Aim: a frilled lizard (ally target, chance to affect: 84%)
The frilled lizard is filled with an inner flame.
* * * LOW HITPOINT WARNING * * *
The foxfire hits the frilled lizard.
The frilled lizard explodes!
The fiery explosion engulfs your foxfire.
Your foxfire completely resists.
The foxfire hits the rat.
You kill the rat!
A rat comes into view.
You hear a shout! x2; You hear an angry hiss. x2; You hear a shout!
Casting: Inner Flame (quite dangerous; 9% risk of failure)
Confirm with . or Enter, or press ? or * to list all spells.
You conjure some foxfire!
* * * LOW HITPOINT WARNING * * *
Found a ruby potion and a scroll labelled UHINNA BOXANO.
The foxfire hits the rat.
You kill the rat!
l - a +4 ring of slaying Your foxfire dissipates!
An adder comes into view.
A scorpion comes into view.
There is a stone staircase leading up here.
Casting: Foxfire (safe; 3% risk of failure)
Confirm with . or Enter, or press ? or * to list all spells.
You miscast Scorch.
You are very lightly contaminated with residual magic.
Nothing appears to happen.
* * * LOW HITPOINT WARNING * * *
The scorpion stings you.
* * * LOW HITPOINT WARNING * * *
Casting: Scorch (safe; 4% risk of failure)
Confirm with . or Enter, or press ? or * to list all spells.
Flames lash the scorpion.
The scorpion is lightly wounded.
The scorpion's fire resistance burns away.
* * * LOW HITPOINT WARNING * * *
The scorpion stings you.
* * * LOW HITPOINT WARNING * * *
The scorpion closely misses you.
Casting: Scorch (safe; 4% risk of failure)
Confirm with . or Enter, or press ? or * to list all spells.
Flames lash the scorpion.
The scorpion is burned terribly!
The scorpion is heavily wounded.
* * * LOW HITPOINT WARNING * * *
You hear a shout!
The scorpion stings you.
* * * LOW HITPOINT WARNING * * *
You closely miss the scorpion.
The scorpion is heavily wounded.
The scorpion stings you but does no damage.
You closely miss the scorpion.
The scorpion is heavily wounded.
The scorpion misses you.
An orc comes into view. It is wielding a +0 dagger.
You hit the scorpion.
The scorpion is severely wounded.
The adder bites you but does no damage.
The scorpion stings you but does no damage.
The adder misses you.
Casting: Scorch (safe; 4% risk of failure)
Confirm with . or Enter, or press ? or * to list all spells.
You conjure some foxfire!
* * * LOW HITPOINT WARNING * * *
The scorpion stings you but does no damage.
The adder barely misses you. The scorpion stings you.
You die...

#.# #.# # #.# ?......
#. #.# ....... #.#
###.# .......
#..###...# .......##
#...<.### ....[...#
###s.##
........####@v.# #
.....>..##.Sv#...#
.................#
...................#
......>..........#...
.....................
!.†...o..............
....................
..#.†.#.............


You could see a scorpion (combustible, ally target), an adder (ally target) and
an orc.

Vanquished Creatures
  Robin (D:2)
  An adder (D:2)
  A white imp (D:3)
  A worm (D:2)
  An endoplasm (D:2)
  A giant cockroach (D:2)
  8 goblins
  7 hobgoblins
  3 jackals (D:1)
  2 kobolds
  4 ball pythons
  6 bats
  4 frilled lizards
  8 rats
48 creatures vanquished.

Vanquished Creatures (others)
  70 foxfires
70 creatures vanquished.

Grand Total: 118 creatures vanquished

Notes
Turn   | Place    | Note
-------+----------+-------------------------------------------
     0 | D:1      | RascalDebosk the Djinni Fire Elementalist began the quest
                  | for the Orb.
     0 | D:1      | RascalDebosk set off with the following spells memorised:
                  | Foxfire, Scorch, Volatile Blastmotes, Inner Flame, Flame
                  | Wave.
     0 | D:1      | Reached XP level 1. HP: 15/15 MP: 0/0
    40 | D:1      | Reached XP level 2. HP: 16/21 MP: 0/0
   208 | D:1      | Reached skill level 3 in Spellcasting
   710 | D:1      | Found a faded altar of an unknown god.
   796 | D:2      | Reached XP level 3. HP: 18/25 MP: 0/0
   796 | D:2      | Learned a level 1 spell: Kiss of Death
  1495 | D:2      | Reached XP level 4. HP: 29/31 MP: 0/0
  1503 | D:2      | Identified the +1 helmet of Gas Weomp {Str+3}
  1503 | D:2      | Noticed Robin
  1506 | D:2      | Killed Robin
  1606 | D:3      | Noticed a scorpion
  1613 | D:3      | Slain by a scorpion

Illustrated notes

Levels and vault maps discovered:
D:1:      scummos_arrival_forest, layout_loops_ring,
          dreamdust_ecumenical_altar_hidden_monk_grotto
D:2:      layout_loops_cross, due_unseen_surprise, uniq_robin
D:3:      layout_rooms, minmay_misc_feat_five, uniq_jessica

Skill      XL: |  1  2 |
---------------+-------+-----
Spellcasting   | 3 |  3.9
Dodging        | |  2.1
Stealth        | |  1.5

Action                     |  1- 3 |  4- 6 || total
---------------------------+-------+-------++-------
  Melee: Spear             |    15 |       ||    15
         Short sword       |     7 |     4 ||    11
   Cast: Foxfire           |    34 |    11 ||    45
         Scorch            |    11 |     2 ||    13
         Inner Flame       |     2 |     3 ||     5
    Use: Scroll            |       |     3 ||     3
   Stab: Sleeping          |       |     1 ||     1
 Armour: Robe              |    10 |     4 ||    14
  Dodge: Dodged            |    16 |     4 ||    20
